 Dungeon Crawl Stone Soup version 0.18.1-50-g88ac8fd (webtiles) character file.

163 ololoev the Chopper (level 5, 36/63 HPs)
             Began as a Demonspawn Berserker on Oct 28, 2016.
             Was a Believer of Trog.
             Quit the game on level 4 of the Dungeon.
             The game lasted 00:04:38 (647 turns).

ololoev the Chopper (Demonspawn Berserker)           Turns: 647, Time: 00:04:39

Health: 36/63      AC:  7    Str: 23    XL:     5   Next: 20%
Magic:  2/5        EV: 11    Int:  8    God:    Trog [**....]
Gold:   32         SH:  0    Dex: 13    Spells: 0 memorised, 4 levels left

rFire  . . .     SeeInvis .     a - +0 hand axe
rCold  . . .     Gourm    .     i - +0 ring mail
rNeg   . . .     Faith    .     (no shield)
rPois  .         Spirit   +     (no helmet)
rElec  .         Dismiss  .     (no cloak)
rCorr  .         Reflect  .     (no gloves)
SustAt .         Harm     .     (no boots)
MR     .....                    (no amulet)
Stlth  ..........               (no ring)
                                (no ring)

@: berserking, very quick, not resistant to hostile enchantments, extremely
unstealthy
A: slimy green scales 1, demonic guardian 1, magic shield
a: Berserk, Trog's Hand, Burn Spellbooks, Renounce Religion


Innate Abilities, Weirdness & Mutations

You are partially covered in slimy green scales (AC +2).
A weak demonic guardian rushes to your aid.
When hurt, damage is shared between your health and your magic reserves.

Inventory:

Hand Weapons
 a - a +0 hand axe (weapon)
Armour
 i - a +0 ring mail (worn)
Scrolls
 d - 3 scrolls of fog {unknown}
 e - a scroll of amnesia {unknown}
 g - a scroll of enchant weapon {unknown}
 h - 3 scrolls of remove curse {unknown}
 l - 2 scrolls of identify {unknown}
 n - a scroll of recharging {unknown}
Potions
 b - a potion of curing {unknown}
 f - a potion of mutation {unknown}
 j - a potion of flight {unknown}
 k - a potion of cancellation {unknown}
Comestibles
 c - 5 bread rations
 m - a beef jerky


   Skills:
 + Level 3.9 Fighting
 * Level 4.2 Axes
 + Level 2.8 Armour
 - Level 1.7 Dodging
 - Level 0.1 Spellcasting


You had 4 spell levels left.
You didn't know any spells.


You were on level 4 of the Dungeon.
You worshipped Trog.
Trog was pleased with you.
You were not hungry.

You visited 1 branch of the dungeon, and saw 5 of its levels.

You collected 32 gold pieces.

....... .........
...........
.......... ....
..... .....##..##
.....#8.†8##
........>.@.##
...........†..#
........#8..8#.#
....)....##..##.#
................####
...................#
................####
................#
.........(......#

Notes
Turn   | Place    | Note
--------------------------------------------------------------
     0 | D:1      | ololoev the Demonspawn Berserker began the quest for the Orb.
     0 | D:1      | Reached XP level 1. HP: 18/18 MP: 1/1
   128 | D:2      | Reached skill level 3 in Axes
   137 | D:2      | Gained mutation: You are partially covered in slimy green scales (AC +2). [demonic ancestry]
   137 | D:2      | Reached XP level 2. HP: 5/24 MP: 2/2
   181 | D:2      | HP: 1/24 [jackal (2)]
   322 | D:2      | Found a glowing golden altar of the Shining One.
   378 | D:3      | Reached ** piety under Trog
   378 | D:3      | Gained mutation: When hurt, damage is shared between your health and your magic reserves. [demonic ancestry]
   378 | D:3      | Reached XP level 3. HP: 9/29 MP: 3/3
   421 | D:3      | Found a radiant altar of Vehumet.
   472 | D:3      | Found an oddly glowing altar of Pakellas.
   491 | D:5      | Entered Level 5 of the Dungeon
   495 | D:5      | Noticed a phantom
   637 | D:4      | Noticed a black bear
   645 | D:4      | Reached XP level 4. HP: 34/35 MP: 2/4
   646 | D:4      | Killed a black bear
   646 | D:4      | Reached skill level 4 in Axes
   646 | D:4      | Gained mutation: A weak demonic guardian rushes to your aid. [demonic ancestry]
   646 | D:4      | Reached XP level 5. HP: 36/42 MP: 2/5
   647 | D:4      | Quit the game

Dungeon Overview and Level Annotations

Branches:
Dungeon (5/15)
 Temple: D:4-7

Altars:
Pakellas
Vehumet
The Shining One


Message History

You are exhausted.
You feel yourself slow down.
You are near starving!
You feel sick.
You feel sick.
You feel sick.
Eat which item? (? for menu, Esc to quit)
You feel sick.
You continue eating. x2
You feel sick.
You finish eating.
That bread ration really hit the spot!
Use which ability? (? or * to list)
Your skin crawls.
You feel resistant to hostile enchantments.
You feel slightly more hungry.
You can no longer call upon Trog for regeneration and protection from hostile enchantments.
You feel sick.
You feel sick.
Found a spear.
You feel the effects of Trog's Hand fading.
You feel sick.
You feel sick.
Found an escape hatch in the floor.
Your skin stops crawling.
You feel less resistant to hostile enchantments.
You feel sick.
You feel sick.
You are no longer poisoned.
You feel yourself speed up.
Found 13 sling bullets.
Found a metallic purple potion.
Found a hand axe.
You see here 13 sling bullets.
Found a stone staircase leading down.
You feel less exhausted.
j - a metallic purple potion A black bear comes into view.
A jackal comes into view.
The jackal barks!
A jackal comes into view.
The jackal barks!
A jackal comes into view.
The jackal barks!
The jackal closely misses you.
The jackal bites you but does no damage.
Use which ability? (? or * to list)
A red film seems to cover your vision as you go berserk!
You feel yourself moving faster!
You feel mighty!
You feel somewhat more hungry. The jackal bites you. The black bear bites you.
The black bear claws you. The black bear closely misses you.
You hit the black bear.
The black bear is lightly wounded.
You slash the jackal!
You kill the jackal!
Trog accepts your kill.
You slash the jackal!
You kill the jackal!
Trog accepts your kill. The black bear bites you.
The black bear claws you but does no damage.
The black bear barely misses you.
Unknown command.
You slice the black bear!!
The black bear is severely wounded.
You hit the jackal.
You kill the jackal!
Trog accepts your kill.
You can now call upon Trog for regeneration and protection from hostile enchantments.
You have reached level 4!
You feel agile.
The black bear bites you but does no damage.
The black bear claws you. The black bear completely misses you.
You slash the black bear!
You kill the black bear!
Trog accepts your kill.
Your Axes skill increases to level 4!
You have reached level 5!
Your demonic ancestry asserts itself...
You feel the presence of a demonic guardian.
Are you sure you want to abandon this character and quit the game? (Confirm with "yes".)

There were no monsters in sight!

Vanquished Creatures
  A black bear (D:4)
  A worker ant (D:4)
  An adder (D:3)
  2 dart slugs
  A ball python (D:2)
  2 giant cockroaches
  A goblin (D:2)
  A hobgoblin (D:3)
  7 jackals
  3 kobolds
  4 bats
  A giant newt (D:3)
  6 rats
31 creatures vanquished.

Action                   |  1- 3 |  4- 6 || total
-------------------------+-------+-------++-------
Melee: Hand axe          |   121 |     1 ||   122
Invok: Berserk           |     6 |       ||     6
       Trog's Hand       |     3 |       ||     3
  Eat: Chunk             |     3 |       ||     3
       Bread ration      |     1 |       ||     1
Armor: Ring mail         |    56 |     1 ||    57
       Animal skin       |     2 |       ||     2
Dodge: Dodged            |    83 |     1 ||    84

Vault maps used:
D:1:      moated_graveyard_arrival, grunt_decor_resistance
D:2:      tso_oasis_becter
D:3:      grunt_pakellas_sulfur, vehumet_crystals
D:4:      first_bread, minivault_27, st_stairs_6
D:5:      lemuel_crystal_altar, corexii_hall_statues_l
